[ AOE2 MATCH · #507170651 ]
UnrankedKoreans vs Franks
[ REPLAY ANALYSIS · EXTRACTED FROM THE RECORDED GAME ]
Feudal
10:10
Castle
28:16
Imperial
—
| APM avg | 41.9 |
| APM peak | 73 |
| eAPM avg | 18.4 |
| Villagers / military | 66 / 12 |
Focus
⚔️ 20.4% · 🌾 79.6%
Spearman ×10 · Fishing Ship ×4 · Skirmisher ×2
Feudal
9:04
Castle
22:06
Imperial
—
| APM avg | 58.2 |
| APM peak | 99 |
| eAPM avg | 22.6 |
| Villagers / military | 59 / 27 |
Focus
⚔️ 38.4% · 🌾 61.6%
Knight ×13 · Scout Cavalry ×13 · Militia ×1
Feudal
10:47
Castle
23:18
Imperial
—
| APM avg | 39.0 |
| APM peak | 78 |
| eAPM avg | 14.5 |
| Villagers / military | 85 / 47 |
Focus
⚔️ 32.1% · 🌾 67.9%
Knight ×24 · Scout Cavalry ×23
Feudal
11:06
Castle
21:05
Imperial
—
| APM avg | 37.2 |
| APM peak | 82 |
| eAPM avg | 12.8 |
| Villagers / military | 61 / 1 |
Focus
⚔️ 22.9% · 🌾 77.1%
Fishing Ship ×6 · Unknown (2626) ×2 · Fire Galley ×1
Feudal
10:46
Castle
15:24
Imperial
—
| APM avg | 40.9 |
| APM peak | 80 |
| eAPM avg | 18.5 |
| Villagers / military | 82 / 11 |
Focus
⚔️ 29.6% · 🌾 70.4%
Unknown (1974) ×15 · Spearman ×9 · Fishing Ship ×4 · Monk ×2 · Unknown (2626) ×1
Feudal
9:57
Castle
24:36
Imperial
—
| APM avg | 45.4 |
| APM peak | 98 |
| eAPM avg | 23.9 |
| Villagers / military | 71 / 56 |
Focus
⚔️ 26.1% · 🌾 73.9%
Scout Cavalry ×33 · Knight ×12 · Spearman ×7 · Monk ×4
Match map
Initial resources + every placement click. Lines = walls · curves = elevation contours. ◆ gold · ⬟ stone · ● berries · ✦ relic · ◌ wall gap
Your base· Open — 3t gap
Cris.GCH's base· Open — unwalled flank
LMG_Leonardo's base· Open — unwalled flank
Erwin's base· Open — unwalled flank
XEVER | JoKeR's base· Open — unwalled flank
LMG_HERA DE TEMU's base· Open — 6t gap
Smoothed initial terrain · ◌ = detected wall gap · hover for details
Inputs per minute
— LMG_SON SABANDIJAS - - Cris.GCH
Build order — LMG_SON SABANDIJAS
First 150 of 152 actions detected
| 0:02 | Build | House |
| 0:04 | Build | House |
| 0:21 | Queue | Villager (Male) |
| 0:22 | Queue | Villager (Male) |
| 0:22 | Queue | Villager (Male) |
| 0:30 | Queue | Villager (Male) |
| 0:30 | Queue | Villager (Male) |
| 1:45 | Queue | Villager (Male) |
| 1:45 | Queue | Villager (Male) |
| 1:56 | Queue | Villager (Male) |
| 1:56 | Queue | Villager (Male) |
| 2:35 | Queue | Villager (Male) |
| 2:36 | Queue | Villager (Male) |
| 2:42 | Queue | Villager (Male) |
| 2:43 | Queue | Villager (Male) |
| 2:43 | Queue | Villager (Male) |
| 3:24 | Queue | Villager (Male) |
| 3:24 | Queue | Villager (Male) |
| 4:01 | Build | House |
| 4:15 | Queue | Villager (Male) |
| 4:15 | Queue | Villager (Male) |
| 4:15 | Queue | Villager (Male) |
| 4:38 | Queue | Villager (Male) |
| 5:24 | Build | Lumber Camp |
| 5:39 | Build | House |
| 5:47 | Queue | Villager (Male) |
| 5:54 | Queue | Villager (Male) |
| 5:55 | Queue | Villager (Male) |
| 5:55 | Queue | Villager (Male) |
| 6:32 | Queue | Villager (Male) |
| 6:50 | Build | Mill |
| 7:08 | Queue | Villager (Male) |
| 7:32 | Research | Loom |
| 7:56 | Research | Feudal Age |
| 7:56 | Research | Feudal Age |
| 8:21 | Build | Barracks |
| 8:45 | Queue | Villager (Male) |
| 8:45 | Queue | Villager (Male) |
| 9:21 | Build | House |
| 9:26 | Build | Palisade Wall |
| 9:31 | Build | Palisade Wall |
| 9:34 | Build | Palisade Wall |
| 10:10 | Age | Feudal Age |
| 10:13 | Build | Archery Range |
| 10:14 | Queue | Villager (Male) |
| 10:18 | Research | Double-Bit Axe |
| 10:19 | Research | Double-Bit Axe |
| 10:20 | Queue | Villager (Male) |
| 10:32 | Build | Mill |
| 10:50 | Queue | Spearman |
| 11:09 | Build | Farm |
| 11:27 | Build | Palisade Gate |
| 11:49 | Queue | Villager (Male) |
| 11:50 | Queue | Villager (Male) |
| 11:50 | Queue | Villager (Male) |
| 11:54 | Build | Farm |
| 11:55 | Build | Farm |
| 11:57 | Build | Farm |
| 11:57 | Build | Farm |
| 11:58 | Build | Farm |
| 11:58 | Queue | Villager (Male) |
| 12:15 | Queue | Villager (Male) |
| 12:31 | Build | Farm |
| 12:33 | Queue | Skirmisher |
| 12:33 | Queue | Skirmisher |
| 12:56 | Queue | Spearman |
| 13:03 | Build | House |
| 13:07 | Build | Farm |
| 13:18 | Build | Farm |
| 13:19 | Queue | Villager (Male) |
| 13:24 | Queue | Spearman |
| 13:39 | Build | Farm |
| 13:48 | Build | Dock |
| 13:50 | Queue | Villager (Male) |
| 14:03 | Queue | Villager (Male) |
| 14:22 | Queue | Villager (Male) |
| 14:22 | Queue | Villager (Male) |
| 14:25 | Build | Farm |
| 14:40 | Build | House |
| 14:42 | Queue | Fishing Ship |
| 14:42 | Queue | Fishing Ship |
| 14:47 | Queue | Fishing Ship |
| 14:50 | Queue | Villager (Male) |
| 14:58 | Queue | Spearman |
| 14:59 | Queue | Spearman |
| 15:03 | Build | House |
| 15:04 | Build | House |
| 15:06 | Queue | Spearman |
| 15:06 | Queue | Spearman |
| 15:17 | Queue | Spearman |
| 15:17 | Queue | Spearman |
| 15:28 | Queue | Villager (Male) |
| 15:28 | Queue | Villager (Male) |
| 15:43 | Queue | Villager (Male) |
| 15:43 | Queue | Villager (Male) |
| 16:00 | Build | Watch Tower |
| 16:05 | Queue | Villager (Male) |
| 16:05 | Queue | Villager (Male) |
| 16:10 | Build | Mining Camp |
| 16:33 | Queue | Fishing Ship |
| 16:48 | Build | Blacksmith |
| 17:22 | Queue | Villager (Male) |
| 17:22 | Queue | Villager (Male) |
| 17:22 | Queue | Villager (Male) |
| 17:25 | Queue | Spearman |
| 17:53 | Build | Lumber Camp |
| 18:00 | Queue | Villager (Male) |
| 18:14 | Queue | Villager (Male) |
| 18:14 | Queue | Villager (Male) |
| 18:16 | Build | Farm |
| 18:48 | Build | Mining Camp |
| 19:41 | Queue | Villager (Male) |
| 19:41 | Queue | Villager (Male) |
| 19:51 | Queue | Villager (Male) |
| 19:59 | Build | Market |
| 20:38 | Build | Watch Tower |
| 21:54 | Build | House |
| 22:04 | Queue | Villager (Male) |
| 22:05 | Queue | Villager (Male) |
| 22:09 | Build | House |
| 22:20 | Queue | Villager (Male) |
| 22:20 | Queue | Villager (Male) |
| 22:28 | Build | House |
| 22:42 | Build | Watch Tower |
| 22:49 | Build | Farm |
| 22:50 | Queue | Villager (Male) |
| 22:50 | Queue | Villager (Male) |
| 22:58 | Build | House |
| 23:00 | Build | Palisade Wall |
| 23:00 | Build | Palisade Wall |
| 23:02 | Build | Palisade Wall |
| 23:08 | Build | Mill |
| 23:34 | Queue | Villager (Male) |
| 23:48 | Build | House |
| 23:53 | Build | Palisade Wall |
| 23:53 | Build | Palisade Wall |
| 23:56 | Build | House |
| 23:59 | Build | Farm |
| 24:01 | Build | Farm |
| 24:11 | Research | Fletching |
| 24:59 | Build | Farm |
| 24:59 | Build | Farm |
| 25:00 | Build | Farm |
| 25:36 | Research | Castle Age |
| 25:36 | Research | Castle Age |
| 26:29 | Build | Watch Tower |
| 27:28 | Queue | Villager (Male) |
| 27:28 | Queue | Villager (Male) |
| 27:40 | Queue | Villager (Male) |
| 27:46 | Build | Farm |
Build order — Cris.GCH
First 150 of 175 actions detected
| 0:00 | Queue | Villager (Male) |
| 0:02 | Build | House |
| 0:03 | Build | House |
| 0:20 | Queue | Villager (Male) |
| 0:22 | Queue | Villager (Male) |
| 0:28 | Queue | Villager (Male) |
| 1:45 | Queue | Villager (Male) |
| 2:02 | Queue | Villager (Male) |
| 2:21 | Build | Lumber Camp |
| 2:25 | Queue | Villager (Male) |
| 3:23 | Queue | Villager (Male) |
| 3:32 | Queue | Villager (Male) |
| 3:49 | Queue | Villager (Male) |
| 3:53 | Build | House |
| 3:55 | Queue | Villager (Male) |
| 4:18 | Queue | Villager (Male) |
| 4:42 | Queue | Villager (Male) |
| 5:52 | Build | Mill |
| 5:54 | Queue | Villager (Male) |
| 6:24 | Research | Loom |
| 6:54 | Research | Feudal Age |
| 8:23 | Build | Barracks |
| 8:26 | Build | House |
| 8:36 | Build | House |
| 9:04 | Age | Feudal Age |
| 9:07 | Research | Double-Bit Axe |
| 9:10 | Build | House |
| 9:16 | Queue | Villager (Male) |
| 9:45 | Build | Stable |
| 9:52 | Queue | Villager (Male) |
| 10:03 | Queue | Villager (Male) |
| 10:23 | Queue | Villager (Male) |
| 10:28 | Queue | Militia |
| 10:31 | Queue | Scout Cavalry |
| 10:31 | Queue | Scout Cavalry |
| 10:33 | Build | Lumber Camp |
| 10:41 | Queue | Scout Cavalry |
| 10:49 | Build | House |
| 10:52 | Build | Palisade Wall |
| 10:55 | Build | Palisade Wall |
| 11:42 | Queue | Scout Cavalry |
| 11:46 | Queue | Villager (Male) |
| 12:18 | Queue | Scout Cavalry |
| 12:24 | Queue | Villager (Male) |
| 12:29 | Build | House |
| 12:30 | Build | Palisade Wall |
| 12:38 | Queue | Scout Cavalry |
| 12:56 | Queue | Scout Cavalry |
| 13:02 | Queue | Villager (Male) |
| 13:06 | Build | Blacksmith |
| 13:08 | Build | House |
| 13:23 | Queue | Scout Cavalry |
| 13:36 | Queue | Scout Cavalry |
| 13:37 | Queue | Villager (Male) |
| 13:41 | Build | Palisade Wall |
| 13:45 | Queue | Villager (Male) |
| 14:10 | Research | Forging |
| 14:28 | Queue | Villager (Male) |
| 14:31 | Build | Farm |
| 14:46 | Build | Mill |
| 14:52 | Queue | Villager (Male) |
| 15:16 | Queue | Scout Cavalry |
| 15:21 | Build | Farm |
| 15:26 | Build | Mining Camp |
| 15:37 | Queue | Villager (Male) |
| 15:39 | Build | Farm |
| 15:40 | Build | Farm |
| 15:42 | Queue | Villager (Male) |
| 15:57 | Build | Farm |
| 16:18 | Build | Farm |
| 16:19 | Build | Farm |
| 16:21 | Build | Farm |
| 16:49 | Queue | Villager (Male) |
| 17:02 | Queue | Villager (Male) |
| 17:08 | Build | Farm |
| 17:24 | Build | Palisade Wall |
| 17:28 | Build | Palisade Wall |
| 18:00 | Research | Scale Barding Armor |
| 18:02 | Queue | Villager (Male) |
| 18:06 | Build | Farm |
| 18:24 | Build | Palisade Wall |
| 18:26 | Build | Palisade Wall |
| 18:35 | Queue | Villager (Male) |
| 18:37 | Build | House |
| 18:51 | Build | Farm |
| 19:26 | Research | Castle Age |
| 19:31 | Queue | Scout Cavalry |
| 19:52 | Build | House |
| 19:53 | Build | Palisade Wall |
| 19:58 | Build | Lumber Camp |
| 20:16 | Queue | Scout Cavalry |
| 20:42 | Build | Stable |
| 21:34 | Build | Stable |
| 22:06 | Age | Castle Age |
| 22:07 | Queue | Villager (Male) |
| 22:09 | Research | Husbandry |
| 22:09 | Research | Husbandry |
| 22:10 | Research | Chain Barding Armor |
| 22:10 | Research | Chain Barding Armor |
| 22:12 | Research | Bow Saw |
| 22:18 | Build | Town Center |
| 22:34 | Queue | Villager (Male) |
| 22:46 | Queue | Knight |
| 22:52 | Build | House |
| 22:54 | Build | Palisade Wall |
| 23:00 | Build | Palisade Wall |
| 23:03 | Build | Palisade Wall |
| 23:05 | Queue | Villager (Male) |
| 23:27 | Queue | Knight |
| 23:31 | Queue | Knight |
| 23:40 | Queue | Villager (Male) |
| 23:43 | Build | Farm |
| 23:43 | Build | Farm |
| 23:43 | Build | Farm |
| 23:43 | Build | Farm |
| 23:43 | Build | Farm |
| 23:44 | Build | Farm |
| 23:56 | Queue | Knight |
| 24:13 | Queue | Villager (Male) |
| 24:21 | Queue | Villager (Male) |
| 24:23 | Build | Farm |
| 24:25 | Build | Farm |
| 24:26 | Build | Farm |
| 24:39 | Build | Palisade Wall |
| 24:45 | Build | Farm |
| 24:45 | Queue | Villager (Male) |
| 25:05 | Queue | Knight |
| 25:06 | Queue | Knight |
| 25:06 | Queue | Knight |
| 25:07 | Queue | Villager (Male) |
| 25:28 | Queue | Villager (Male) |
| 25:29 | Queue | Villager (Male) |
| 25:41 | Queue | Knight |
| 25:43 | Queue | Villager (Male) |
| 25:47 | Build | Farm |
| 25:52 | Build | Farm |
| 25:54 | Build | Lumber Camp |
| 25:56 | Queue | Villager (Male) |
| 26:05 | Queue | Villager (Male) |
| 26:22 | Queue | Villager (Male) |
| 26:25 | Build | Farm |
| 26:35 | Queue | Villager (Male) |
| 26:47 | Queue | Villager (Male) |
| 26:51 | Build | House |
| 26:52 | Build | Palisade Wall |
| 26:54 | Build | Palisade Wall |
| 26:55 | Build | Farm |
| 26:57 | Build | Farm |
| 26:59 | Research | Wheelbarrow |
| 27:23 | Research | Iron Casting |
Build order — LMG_Leonardo
First 150 of 204 actions detected
| 0:01 | Queue | Villager (Male) |
| 0:01 | Queue | Villager (Male) |
| 0:02 | Queue | Villager (Male) |
| 0:02 | Queue | Villager (Male) |
| 0:03 | Build | House |
| 0:05 | Build | House |
| 0:09 | Research | Loom |
| 0:10 | Queue | Villager (Male) |
| 0:10 | Queue | Villager (Male) |
| 0:10 | Queue | Villager (Male) |
| 0:11 | Queue | Villager (Male) |
| 0:37 | Queue | Villager (Male) |
| 0:38 | Queue | Villager (Male) |
| 1:34 | Queue | Villager (Male) |
| 1:34 | Queue | Villager (Male) |
| 2:13 | Queue | Villager (Male) |
| 2:14 | Queue | Villager (Male) |
| 2:42 | Queue | Villager (Male) |
| 2:42 | Queue | Villager (Male) |
| 3:12 | Queue | Villager (Male) |
| 3:12 | Queue | Villager (Male) |
| 3:13 | Queue | Villager (Male) |
| 3:14 | Queue | Villager (Male) |
| 3:29 | Queue | Villager (Male) |
| 3:29 | Queue | Villager (Male) |
| 3:53 | Build | House |
| 3:57 | Queue | Villager (Male) |
| 3:57 | Queue | Villager (Male) |
| 4:51 | Build | Lumber Camp |
| 5:32 | Queue | Villager (Male) |
| 5:33 | Queue | Villager (Male) |
| 5:33 | Queue | Villager (Male) |
| 5:46 | Build | House |
| 5:47 | Build | House |
| 6:32 | Queue | Villager (Male) |
| 6:52 | Queue | Villager (Male) |
| 7:25 | Queue | Villager (Male) |
| 7:54 | Queue | Villager (Male) |
| 7:59 | Build | Mill |
| 8:08 | Queue | Villager (Male) |
| 8:36 | Research | Feudal Age |
| 9:32 | Build | Barracks |
| 9:33 | Queue | Villager (Male) |
| 9:33 | Queue | Villager (Male) |
| 10:01 | Build | House |
| 10:03 | Build | House |
| 10:19 | Queue | Villager (Male) |
| 10:47 | Age | Feudal Age |
| 10:48 | Build | Stable |
| 11:27 | Queue | Villager (Male) |
| 11:34 | Build | Stable |
| 11:37 | Research | Double-Bit Axe |
| 11:44 | Queue | Villager (Male) |
| 12:14 | Queue | Villager (Male) |
| 12:19 | Queue | Scout Cavalry |
| 12:20 | Queue | Scout Cavalry |
| 12:25 | Build | Blacksmith |
| 12:33 | Queue | Scout Cavalry |
| 12:33 | Queue | Scout Cavalry |
| 12:38 | Build | House |
| 12:40 | Build | House |
| 13:01 | Build | Mill |
| 13:12 | Research | Scale Barding Armor |
| 13:21 | Build | House |
| 13:31 | Build | House |
| 13:33 | Build | House |
| 13:37 | Queue | Villager (Male) |
| 13:37 | Queue | Villager (Male) |
| 13:40 | Queue | Scout Cavalry |
| 13:40 | Queue | Scout Cavalry |
| 14:07 | Build | Farm |
| 14:13 | Build | Mining Camp |
| 14:16 | Queue | Villager (Male) |
| 14:21 | Queue | Villager (Male) |
| 14:21 | Queue | Villager (Male) |
| 14:21 | Queue | Villager (Male) |
| 14:48 | Queue | Villager (Male) |
| 14:48 | Queue | Villager (Male) |
| 15:28 | Queue | Villager (Male) |
| 15:41 | Queue | Villager (Male) |
| 16:13 | Queue | Villager (Male) |
| 16:23 | Build | Farm |
| 16:23 | Build | Farm |
| 16:23 | Build | Farm |
| 16:34 | Build | Farm |
| 16:41 | Queue | Villager (Male) |
| 17:00 | Queue | Villager (Male) |
| 17:27 | Queue | Villager (Male) |
| 17:28 | Queue | Villager (Male) |
| 17:28 | Queue | Villager (Male) |
| 18:24 | Queue | Villager (Male) |
| 18:24 | Queue | Villager (Male) |
| 18:39 | Build | Farm |
| 18:41 | Build | Farm |
| 18:44 | Queue | Scout Cavalry |
| 18:45 | Queue | Scout Cavalry |
| 18:45 | Queue | Scout Cavalry |
| 18:49 | Build | House |
| 18:50 | Build | House |
| 19:27 | Build | Farm |
| 19:54 | Build | Farm |
| 19:54 | Build | Farm |
| 19:54 | Build | Farm |
| 19:55 | Build | Farm |
| 19:55 | Build | Farm |
| 19:56 | Queue | Villager (Male) |
| 19:56 | Queue | Villager (Male) |
| 19:59 | Build | Farm |
| 20:05 | Build | Market |
| 20:15 | Build | Mill |
| 20:20 | Build | Farm |
| 20:20 | Build | Farm |
| 20:20 | Build | Farm |
| 20:21 | Build | Farm |
| 20:21 | Build | Farm |
| 20:21 | Build | Farm |
| 20:28 | Build | Stable |
| 20:53 | Research | Castle Age |
| 21:26 | Build | Stable |
| 21:49 | Build | Farm |
| 22:18 | Research | Horse Collar |
| 22:31 | Research | Bloodlines |
| 22:32 | Research | Forging |
| 22:35 | Queue | Scout Cavalry |
| 22:35 | Queue | Scout Cavalry |
| 22:36 | Queue | Scout Cavalry |
| 22:36 | Queue | Scout Cavalry |
| 22:36 | Queue | Scout Cavalry |
| 23:02 | Queue | Villager (Male) |
| 23:02 | Queue | Villager (Male) |
| 23:18 | Age | Castle Age |
| 23:23 | Build | Lumber Camp |
| 23:27 | Research | Chain Barding Armor |
| 23:28 | Queue | Knight |
| 23:28 | Queue | Knight |
| 23:34 | Queue | Knight |
| 23:35 | Queue | Knight |
| 23:46 | Research | Light Cavalry (upgrade) |
| 23:47 | Research | Light Cavalry (upgrade) |
| 24:06 | Queue | Villager (Male) |
| 24:19 | Queue | Villager (Male) |
| 24:20 | Queue | Knight |
| 24:20 | Queue | Knight |
| 24:20 | Queue | Knight |
| 24:45 | Queue | Villager (Male) |
| 24:46 | Queue | Knight |
| 24:46 | Queue | Knight |
| 24:48 | Queue | Scout Cavalry |
| 24:48 | Queue | Scout Cavalry |
| 24:48 | Queue | Scout Cavalry |
Build order — Erwin
135 actions detected in the replay
| 0:03 | Build | House |
| 0:05 | Build | House |
| 0:11 | Queue | Villager (Male) |
| 0:11 | Queue | Villager (Male) |
| 0:11 | Queue | Villager (Male) |
| 0:12 | Queue | Villager (Male) |
| 0:17 | Research | Loom |
| 0:19 | Queue | Villager (Male) |
| 0:44 | Queue | Villager (Male) |
| 0:45 | Queue | Villager (Male) |
| 0:45 | Queue | Villager (Male) |
| 1:46 | Queue | Villager (Male) |
| 1:46 | Queue | Villager (Male) |
| 2:56 | Queue | Villager (Male) |
| 2:56 | Queue | Villager (Male) |
| 2:57 | Queue | Villager (Male) |
| 3:25 | Queue | Villager (Male) |
| 3:25 | Queue | Villager (Male) |
| 3:29 | Build | House |
| 3:54 | Build | Lumber Camp |
| 4:05 | Queue | Villager (Male) |
| 4:05 | Queue | Villager (Male) |
| 4:51 | Queue | Villager (Male) |
| 6:01 | Queue | Villager (Male) |
| 6:01 | Queue | Villager (Male) |
| 6:04 | Queue | Villager (Male) |
| 6:04 | Queue | Villager (Male) |
| 6:23 | Build | House |
| 7:33 | Queue | Villager (Male) |
| 8:00 | Queue | Villager (Male) |
| 8:11 | Build | Mill |
| 8:15 | Queue | Villager (Male) |
| 8:49 | Queue | Villager (Male) |
| 8:54 | Research | Feudal Age |
| 9:01 | Build | Barracks |
| 9:07 | Queue | Villager (Male) |
| 10:04 | Build | Mining Camp |
| 11:04 | Build | House |
| 11:06 | Age | Feudal Age |
| 11:49 | Queue | Villager (Male) |
| 11:49 | Queue | Villager (Male) |
| 12:02 | Build | Dock |
| 13:01 | Queue | Villager (Male) |
| 13:02 | Queue | Villager (Male) |
| 13:02 | Queue | Villager (Male) |
| 13:11 | Queue | Fishing Ship |
| 13:12 | Queue | Fishing Ship |
| 13:32 | Queue | Villager (Male) |
| 13:37 | Build | Farm |
| 13:37 | Build | Farm |
| 13:40 | Build | House |
| 13:42 | Build | House |
| 13:42 | Build | House |
| 13:44 | Queue | Villager (Male) |
| 14:01 | Build | Mining Camp |
| 14:56 | Queue | Villager (Male) |
| 14:56 | Queue | Villager (Male) |
| 15:23 | Build | Watch Tower |
| 15:29 | Build | House |
| 15:33 | Build | Palisade Wall |
| 15:37 | Build | Palisade Wall |
| 15:39 | Build | Palisade Wall |
| 15:41 | Build | Palisade Wall |
| 15:50 | Build | Palisade Wall |
| 16:03 | Build | Blacksmith |
| 16:05 | Queue | Villager (Male) |
| 16:05 | Queue | Villager (Male) |
| 16:16 | Research | Double-Bit Axe |
| 16:46 | Queue | Villager (Male) |
| 16:47 | Research | Fletching |
| 17:07 | Queue | Villager (Male) |
| 17:11 | Queue | Fishing Ship |
| 17:24 | Build | Market |
| 17:28 | Queue | Fishing Ship |
| 17:56 | Build | Farm |
| 17:58 | Queue | Villager (Male) |
| 18:08 | Queue | Villager (Male) |
| 18:25 | Research | Castle Age |
| 18:33 | Queue | Fishing Ship |
| 18:36 | Queue | Fishing Ship |
| 19:05 | Build | Watch Tower |
| 19:27 | Build | House |
| 20:01 | Build | Stable |
| 20:08 | Build | Watch Tower |
| 20:14 | Build | House |
| 20:36 | Build | House |
| 20:38 | Build | House |
| 20:40 | Build | Palisade Wall |
| 20:47 | Build | House |
| 21:01 | Queue | Villager (Male) |
| 21:02 | Queue | Villager (Male) |
| 21:05 | Age | Castle Age |
| 21:13 | Build | University |
| 21:31 | Build | Watch Tower |
| 21:51 | Build | Palisade Wall |
| 22:02 | Build | Watch Tower |
| 22:13 | Research | Guard Tower (upgrade) |
| 22:15 | Research | Ballistics |
| 22:18 | Build | Farm |
| 22:18 | Build | Farm |
| 22:19 | Queue | Villager (Male) |
| 22:19 | Queue | Villager (Male) |
| 22:43 | Build | Mill |
| 23:03 | Research | Bodkin Arrow |
| 23:11 | Queue | Villager (Male) |
| 23:12 | Queue | Villager (Male) |
| 23:12 | Queue | Villager (Male) |
| 23:12 | Queue | Villager (Male) |
| 23:31 | Build | Watch Tower |
| 24:12 | Build | Watch Tower |
| 24:15 | Build | Stone Wall |
| 24:49 | Queue | Villager (Male) |
| 24:53 | Research | Masonry |
| 24:57 | Research | Horse Collar |
| 25:20 | Queue | Villager (Male) |
| 25:21 | Queue | Villager (Male) |
| 25:23 | Queue | Villager (Male) |
| 25:38 | Build | Town Center |
| 27:02 | Queue | Villager (Male) |
| 27:03 | Queue | Villager (Male) |
| 27:03 | Queue | Villager (Male) |
| 27:03 | Queue | Villager (Male) |
| 27:10 | Research | War Galley (upgrade) |
| 27:11 | Queue | Unit 2626 |
| 27:11 | Queue | Unit 2626 |
| 27:50 | Build | Mill |
| 28:18 | Queue | Villager (Male) |
| 28:20 | Research | Wheelbarrow |
| 28:21 | Research | Town Watch |
| 28:35 | Queue | Fire Galley |
| 28:45 | Research | Forging |
| 29:11 | Build | Castle |
| 29:18 | Queue | Villager (Male) |
| 29:18 | Queue | Villager (Male) |
| 29:25 | Build | Lumber Camp |
Build order — XEVER | JoKeR
First 150 of 174 actions detected
| 0:03 | Build | House |
| 0:04 | Build | House |
| 0:04 | Queue | Villager (Male) |
| 0:05 | Queue | Villager (Male) |
| 0:11 | Research | Loom |
| 0:24 | Queue | Villager (Male) |
| 0:24 | Queue | Villager (Male) |
| 0:26 | Queue | Villager (Male) |
| 0:26 | Queue | Villager (Male) |
| 1:20 | Queue | Villager (Male) |
| 2:03 | Queue | Villager (Male) |
| 2:47 | Queue | Villager (Male) |
| 3:04 | Queue | Villager (Male) |
| 3:10 | Queue | Villager (Male) |
| 3:15 | Build | Lumber Camp |
| 3:33 | Build | House |
| 3:48 | Queue | Villager (Male) |
| 3:49 | Queue | Villager (Male) |
| 4:35 | Queue | Villager (Male) |
| 4:35 | Queue | Villager (Male) |
| 4:48 | Queue | Villager (Male) |
| 4:51 | Queue | Villager (Male) |
| 5:09 | Queue | Villager (Male) |
| 5:56 | Queue | Villager (Male) |
| 5:57 | Queue | Villager (Male) |
| 6:03 | Build | House |
| 6:35 | Build | Dock |
| 7:21 | Queue | Fishing Ship |
| 7:23 | Build | Palisade Wall |
| 7:23 | Build | Palisade Wall |
| 7:47 | Queue | Villager (Male) |
| 8:10 | Queue | Fishing Ship |
| 8:16 | Build | House |
| 8:36 | Research | Feudal Age |
| 8:51 | Build | Palisade Wall |
| 9:01 | Build | Mining Camp |
| 9:25 | Queue | Villager (Male) |
| 9:25 | Queue | Villager (Male) |
| 10:46 | Age | Feudal Age |
| 10:48 | Build | Blacksmith |
| 10:50 | Build | Mill |
| 10:54 | Queue | Villager (Male) |
| 11:37 | Build | Market |
| 11:43 | Queue | Fishing Ship |
| 11:47 | Build | House |
| 12:21 | Queue | Villager (Male) |
| 12:44 | Research | Castle Age |
| 13:13 | Queue | Unit 2626 |
| 13:15 | Queue | Villager (Male) |
| 13:34 | Build | Barracks |
| 13:42 | Research | Double-Bit Axe |
| 14:17 | Build | House |
| 15:24 | Age | Castle Age |
| 15:25 | Queue | Unit 1974 |
| 15:25 | Queue | Unit 1974 |
| 15:41 | Build | Town Center |
| 15:56 | Queue | Spearman |
| 16:18 | Queue | Unit 1974 |
| 16:21 | Queue | Villager (Male) |
| 16:36 | Queue | Villager (Male) |
| 16:37 | Queue | Villager (Male) |
| 16:50 | Queue | Unit 1974 |
| 16:51 | Queue | Villager (Male) |
| 16:52 | Queue | Villager (Male) |
| 17:00 | Build | Farm |
| 17:02 | Build | Farm |
| 17:04 | Build | Farm |
| 17:07 | Build | Farm |
| 17:25 | Build | Farm |
| 17:42 | Queue | Villager (Male) |
| 17:51 | Queue | Villager (Male) |
| 18:13 | Build | Farm |
| 18:14 | Build | Farm |
| 18:33 | Queue | Spearman |
| 18:46 | Queue | Fishing Ship |
| 18:48 | Queue | Villager (Male) |
| 18:50 | Build | Farm |
| 19:22 | Build | Farm |
| 19:25 | Queue | Villager (Male) |
| 19:25 | Queue | Villager (Male) |
| 19:35 | Build | Farm |
| 19:36 | Build | Farm |
| 19:41 | Queue | Spearman |
| 20:07 | Queue | Unit 1974 |
| 20:10 | Queue | Villager (Male) |
| 20:10 | Queue | Villager (Male) |
| 20:24 | Build | Town Center |
| 20:25 | Queue | Villager (Male) |
| 20:29 | Queue | Villager (Male) |
| 20:40 | Queue | Villager (Male) |
| 21:05 | Queue | Villager (Male) |
| 21:06 | Queue | Villager (Male) |
| 21:20 | Build | House |
| 21:21 | Queue | Villager (Male) |
| 21:23 | Queue | Villager (Male) |
| 21:23 | Queue | Villager (Male) |
| 21:49 | Build | Monastery |
| 21:50 | Build | Mining Camp |
| 21:59 | Build | Mining Camp |
| 22:01 | Queue | Villager (Male) |
| 22:03 | Queue | Villager (Male) |
| 22:13 | Queue | Unit 1974 |
| 22:17 | Build | House |
| 22:24 | Build | House |
| 22:47 | Queue | Villager (Male) |
| 22:47 | Queue | Villager (Male) |
| 22:58 | Build | Lumber Camp |
| 23:03 | Build | House |
| 23:05 | Queue | Unit 1974 |
| 23:18 | Build | Lumber Camp |
| 23:23 | Queue | Villager (Male) |
| 23:25 | Queue | Villager (Male) |
| 23:25 | Queue | Villager (Male) |
| 23:47 | Build | Farm |
| 23:55 | Queue | Monk |
| 23:58 | Queue | Villager (Male) ×2 |
| 23:58 | Queue | Villager (Male) ×2 |
| 24:01 | Build | Farm |
| 24:13 | Queue | Villager (Male) |
| 24:14 | Queue | Villager (Male) |
| 24:19 | Queue | Monk |
| 24:24 | Build | Farm |
| 24:26 | Queue | Villager (Male) ×2 |
| 24:26 | Queue | Villager (Male) ×2 |
| 24:44 | Build | Farm |
| 24:46 | Queue | Villager (Male) |
| 24:50 | Build | Town Center |
| 25:06 | Queue | Villager (Male) |
| 25:06 | Queue | Villager (Male) |
| 25:08 | Build | Farm |
| 25:10 | Queue | Unit 1974 |
| 25:21 | Research | Horse Collar |
| 25:39 | Build | Farm |
| 25:46 | Queue | Villager (Male) |
| 25:47 | Queue | Villager (Male) |
| 25:51 | Research | Scale Mail Armor |
| 25:56 | Queue | Unit 1974 |
| 25:56 | Queue | Unit 1974 |
| 26:07 | Build | Farm |
| 26:10 | Queue | Villager (Male) ×2 |
| 26:10 | Queue | Villager (Male) ×2 |
| 26:16 | Build | Farm |
| 26:18 | Build | Farm |
| 26:20 | Build | Farm |
| 26:34 | Build | Barracks |
| 26:35 | Research | Pikeman (upgrade) |
| 26:49 | Build | Barracks |
| 26:53 | Build | Palisade Wall |
| 26:55 | Build | Palisade Wall |
| 26:59 | Research | Forging |
Build order — LMG_HERA DE TEMU
First 150 of 200 actions detected
| 0:02 | Queue | Villager (Male) |
| 0:02 | Queue | Villager (Male) |
| 0:02 | Queue | Villager (Male) |
| 0:03 | Queue | Villager (Male) |
| 0:04 | Build | House |
| 0:07 | Build | House |
| 0:20 | Queue | Villager (Male) |
| 0:20 | Queue | Villager (Male) |
| 0:20 | Queue | Villager (Male) |
| 0:20 | Queue | Villager (Male) |
| 0:20 | Queue | Villager (Male) |
| 0:21 | Queue | Villager (Male) |
| 0:21 | Queue | Villager (Male) |
| 0:21 | Queue | Villager (Male) |
| 0:25 | Research | Loom |
| 0:35 | Queue | Villager (Male) |
| 0:35 | Queue | Villager (Male) |
| 0:35 | Queue | Villager (Male) |
| 0:35 | Queue | Villager (Male) |
| 0:37 | Queue | Villager (Male) |
| 0:37 | Queue | Villager (Male) |
| 0:38 | Queue | Villager (Male) |
| 0:38 | Queue | Villager (Male) |
| 1:45 | Queue | Villager (Male) |
| 1:45 | Queue | Villager (Male) |
| 1:46 | Queue | Villager (Male) |
| 2:11 | Queue | Villager (Male) |
| 2:11 | Queue | Villager (Male) |
| 2:51 | Queue | Villager (Male) |
| 2:51 | Queue | Villager (Male) |
| 3:34 | Build | House |
| 3:36 | Build | House |
| 4:19 | Queue | Villager (Male) |
| 4:19 | Queue | Villager (Male) |
| 4:40 | Build | Mill |
| 5:36 | Build | Lumber Camp |
| 5:42 | Queue | Villager (Male) |
| 5:42 | Queue | Villager (Male) |
| 5:43 | Queue | Villager (Male) |
| 5:43 | Queue | Villager (Male) |
| 6:14 | Queue | Villager (Male) |
| 6:14 | Queue | Villager (Male) |
| 7:15 | Research | Loom |
| 7:43 | Research | Feudal Age |
| 8:53 | Build | House |
| 9:18 | Build | Barracks |
| 9:34 | Queue | Villager (Male) |
| 9:34 | Queue | Villager (Male) |
| 9:35 | Queue | Villager (Male) |
| 9:57 | Age | Feudal Age |
| 10:30 | Build | Stable |
| 10:35 | Build | Stable |
| 10:48 | Queue | Spearman |
| 11:18 | Queue | Spearman |
| 11:23 | Build | Mill |
| 11:39 | Queue | Villager (Male) |
| 11:40 | Queue | Villager (Male) |
| 11:40 | Queue | Villager (Male) |
| 11:49 | Queue | Spearman |
| 11:50 | Queue | Spearman |
| 12:24 | Build | Mill |
| 12:32 | Build | House |
| 12:34 | Build | House |
| 12:37 | Research | Wheelbarrow |
| 12:42 | Queue | Spearman |
| 13:00 | Queue | Scout Cavalry |
| 13:00 | Queue | Scout Cavalry |
| 13:16 | Queue | Spearman |
| 13:17 | Queue | Spearman |
| 13:26 | Build | Farm |
| 13:28 | Build | Farm |
| 14:18 | Queue | Villager (Male) |
| 14:18 | Queue | Villager (Male) |
| 14:18 | Queue | Villager (Male) |
| 14:18 | Queue | Villager (Male) |
| 15:05 | Build | House |
| 15:13 | Build | House |
| 15:25 | Queue | Scout Cavalry |
| 15:26 | Queue | Scout Cavalry |
| 15:26 | Queue | Scout Cavalry |
| 15:43 | Build | Mining Camp |
| 15:50 | Build | Stable |
| 16:04 | Queue | Villager (Male) |
| 16:05 | Queue | Villager (Male) |
| 16:05 | Queue | Villager (Male) |
| 16:21 | Build | Farm |
| 16:26 | Build | Farm |
| 16:27 | Build | Farm |
| 16:34 | Queue | Scout Cavalry |
| 16:35 | Queue | Scout Cavalry |
| 16:56 | Research | Bloodlines |
| 17:01 | Build | Farm |
| 17:02 | Build | Farm |
| 17:16 | Queue | Villager (Male) |
| 17:16 | Queue | Villager (Male) |
| 17:16 | Queue | Villager (Male) |
| 18:04 | Queue | Villager (Male) |
| 18:04 | Queue | Villager (Male) |
| 18:05 | Queue | Villager (Male) |
| 18:20 | Build | Market |
| 18:26 | Queue | Villager (Male) |
| 18:26 | Queue | Villager (Male) |
| 18:44 | Queue | Scout Cavalry |
| 18:44 | Queue | Scout Cavalry |
| 18:45 | Queue | Scout Cavalry |
| 19:27 | Queue | Scout Cavalry |
| 19:27 | Queue | Scout Cavalry |
| 19:31 | Build | House |
| 19:33 | Build | House |
| 19:37 | Build | House |
| 19:38 | Build | House |
| 20:21 | Queue | Scout Cavalry |
| 20:22 | Queue | Scout Cavalry |
| 20:22 | Queue | Scout Cavalry |
| 21:42 | Build | Mining Camp |
| 21:56 | Research | Castle Age |
| 21:57 | Research | Castle Age |
| 21:57 | Research | Castle Age |
| 22:19 | Build | Stable |
| 22:32 | Build | Lumber Camp |
| 22:51 | Queue | Scout Cavalry |
| 22:51 | Queue | Scout Cavalry |
| 22:51 | Queue | Scout Cavalry |
| 23:01 | Build | Blacksmith |
| 23:06 | Build | Palisade Wall |
| 23:13 | Build | Palisade Wall |
| 23:17 | Build | Palisade Wall |
| 23:24 | Build | Palisade Wall |
| 23:32 | Build | Palisade Wall |
| 23:35 | Build | Palisade Gate |
| 23:39 | Build | Palisade Wall |
| 23:52 | Queue | Scout Cavalry |
| 23:53 | Queue | Scout Cavalry |
| 23:53 | Queue | Scout Cavalry |
| 23:53 | Queue | Scout Cavalry |
| 24:04 | Research | Scale Barding Armor |
| 24:11 | Build | Stable |
| 24:36 | Age | Castle Age |
| 24:43 | Research | Husbandry |
| 24:43 | Research | Light Cavalry (upgrade) |
| 24:51 | Queue | Villager (Male) |
| 24:51 | Queue | Villager (Male) |
| 24:51 | Queue | Villager (Male) |
| 24:52 | Queue | Villager (Male) |
| 25:31 | Research | Forging |
| 26:03 | Queue | Knight |
| 26:04 | Queue | Knight |
| 26:13 | Queue | Villager (Male) |
| 26:13 | Queue | Villager (Male) |
| 26:19 | Build | Monastery |
Match timeline
| 6:35 | XEVER | JoKeR · first_building Dock |
| 7:23 | XEVER | JoKeR · wall_segment Palisade Wall x1 |
| 7:23 | XEVER | JoKeR · wall_segment Palisade Wall x1 |
| 8:21 | LMG_SON SABANDIJAS · first_building Barracks |
| 8:23 | Cris.GCH · first_building Barracks |
| 8:51 | XEVER | JoKeR · wall_segment Palisade Wall x8 |
| 9:01 | Erwin · first_building Barracks |
| 9:04 | Cris.GCH · age_up feudal |
| 9:18 | LMG_HERA DE TEMU · first_building Barracks |
| 9:26 | LMG_SON SABANDIJAS · wall_segment Palisade Wall x13 |
| 9:31 | LMG_SON SABANDIJAS · wall_segment Palisade Wall x4 |
| 9:32 | LMG_Leonardo · first_building Barracks |
| 9:34 | LMG_SON SABANDIJAS · wall_segment Palisade Wall x5 |
| 9:45 | Cris.GCH · first_building Stable |
| 9:57 | LMG_HERA DE TEMU · age_up feudal |
| 10:10 | LMG_SON SABANDIJAS · age_up feudal |
| 10:13 | LMG_SON SABANDIJAS · first_building Archery Range |
| 10:30 | LMG_HERA DE TEMU · first_building Stable |
| 10:46 | XEVER | JoKeR · age_up feudal |
| 10:47 | LMG_Leonardo · age_up feudal |
| 10:48 | LMG_Leonardo · first_building Stable |
| 10:52 | Cris.GCH · wall_segment Palisade Wall x1 |
| 10:55 | Cris.GCH · wall_segment Palisade Wall x4 |
| 11:06 | Erwin · age_up feudal |
| 12:02 | Erwin · first_building Dock |
| 12:25 | XEVER | JoKeR · first_market_sell 500 stone |
| 12:26 | XEVER | JoKeR · first_market_buy 100 food |
| 12:30 | Cris.GCH · wall_segment Palisade Wall x6 |
| 13:34 | XEVER | JoKeR · first_building Barracks |
| 13:41 | Cris.GCH · wall_segment Palisade Wall x1 |
| 13:48 | LMG_SON SABANDIJAS · first_building Dock |
| 15:24 | XEVER | JoKeR · age_up castle |
| 15:33 | Erwin · wall_segment Palisade Wall x1 |
| 15:37 | Erwin · wall_segment Palisade Wall x1 |
| 15:39 | Erwin · wall_segment Palisade Wall x1 |
| 15:41 | Erwin · wall_segment Palisade Wall x1 |
| 15:50 | Erwin · wall_segment Palisade Wall x1 |
| 17:24 | Cris.GCH · wall_segment Palisade Wall x6 |
| 17:28 | Cris.GCH · wall_segment Palisade Wall x6 |
| 18:23 | Erwin · first_market_buy 100 food |
| 18:24 | Cris.GCH · wall_segment Palisade Wall x1 |
| 18:26 | Cris.GCH · wall_segment Palisade Wall x1 |
| 19:53 | Cris.GCH · wall_segment Palisade Wall x1 |
| 20:01 | Erwin · first_building Stable |
| 20:40 | Erwin · wall_segment Palisade Wall x1 |
| 21:05 | Erwin · age_up castle |
| 21:48 | LMG_HERA DE TEMU · first_market_buy 100 food |
| 21:49 | XEVER | JoKeR · first_building Monastery |
| 21:51 | Erwin · wall_segment Palisade Wall x1 |
| 21:51 | LMG_HERA DE TEMU · first_market_sell 100 wood |
| 22:06 | Cris.GCH · age_up castle |
| 22:54 | Cris.GCH · wall_segment Palisade Wall x11 |
| 23:00 | LMG_SON SABANDIJAS · wall_segment Palisade Wall x1 |
| 23:00 | Cris.GCH · wall_segment Palisade Wall x3 |
| 23:00 | LMG_SON SABANDIJAS · wall_segment Palisade Wall x1 |
| 23:02 | LMG_SON SABANDIJAS · wall_segment Palisade Wall x1 |
| 23:03 | Cris.GCH · wall_segment Palisade Wall x3 |
| 23:06 | LMG_HERA DE TEMU · wall_segment Palisade Wall x4 |
| 23:13 | LMG_HERA DE TEMU · wall_segment Palisade Wall x7 |
| 23:17 | LMG_HERA DE TEMU · wall_segment Palisade Wall x14 |
| 23:18 | LMG_Leonardo · age_up castle |
| 23:24 | LMG_HERA DE TEMU · wall_segment Palisade Wall x19 |
| 23:32 | LMG_HERA DE TEMU · wall_segment Palisade Wall x6 |
| 23:39 | LMG_HERA DE TEMU · wall_segment Palisade Wall x6 |
| 23:53 | LMG_SON SABANDIJAS · wall_segment Palisade Wall x1 |
| 23:53 | LMG_SON SABANDIJAS · wall_segment Palisade Wall x1 |
| 24:15 | Erwin · wall_segment Stone Wall x1 |
| 24:16 | LMG_Leonardo · first_market_buy 100 food |
| 24:19 | LMG_SON SABANDIJAS · first_market_buy 100 food |
| 24:22 | LMG_SON SABANDIJAS · first_market_sell 100 wood |
| 24:36 | LMG_HERA DE TEMU · age_up castle |
| 24:39 | Cris.GCH · wall_segment Palisade Wall x1 |
| 26:19 | LMG_HERA DE TEMU · first_building Monastery |
| 26:52 | Cris.GCH · wall_segment Palisade Wall x1 |
| 26:53 | XEVER | JoKeR · wall_segment Palisade Wall x1 |
| 26:54 | Cris.GCH · wall_segment Palisade Wall x1 |
| 26:55 | XEVER | JoKeR · wall_segment Palisade Wall x1 |
| 28:01 | XEVER | JoKeR · wall_segment Palisade Wall x1 |
| 28:16 | LMG_SON SABANDIJAS · age_up castle |
| 28:31 | LMG_Leonardo · first_building Monastery |
| 28:45 | LMG_Leonardo · first_building Siege Workshop |
| 28:46 | LMG_SON SABANDIJAS · first_building Castle |
| 29:11 | Erwin · first_building Castle |
| 29:21 | LMG_SON SABANDIJAS · resign |
[ AI ANALYSIS · 1 CREDIT ]
What really happened in this match?
Wolo.gg analyzes every decision: build order, eco, micro, common mistakes by bracket. Personalized analysis on WhatsApp or Discord in 30 seconds.
Civ guide
Koreans
Perfil
Jugador #12010648